 Dungeon Crawl Stone Soup version 0.30.0 (webtiles) character file.

Game seed: 10506380174620334880

58 Dadi the Shooter (level 4, -1/37 HPs)
             Began as a Barachi Hunter on May 6, 2023.
             Slain by a gnoll
             ... wielding a +0 flail
              (7 damage)
             ... on level 2 of the Dungeon.
             The game lasted 00:02:31 (1035 turns).

Dadi the Shooter (Barachi Hunter)                   Turns: 1035, Time: 00:02:31

Health: -1/37      AC:  8    Str: 12    XL:     4   Next: 2%
Magic:  4/4        EV:  6    Int:  9    God:
Gold:   50         SH:  0    Dex: 18    Spells: 3/3 levels left

rFire   . . .        a - +0 shortbow
rCold   . . .        (shield currently unavailable)
rNeg    . . .        e - +0 chain mail
rPois   .            (no helmet)
rElec   .            (no cloak)
rCorr   .            (no gloves)
SInv    .            (no boots)
Will    .....        (no amulet) Stlth
                     (no ring)
HPRegen 0.26/turn    (no ring)
MPRegen 0.09/turn

%: no passive effects
@: unable to hop, slow
A: amphibious, slowness 1, strong legs 1, +LOS
a: Hop


You were on level 2 of the Dungeon.
You visited 1 branch of the dungeon, and saw 2 of its levels.

You collected 50 gold pieces.

Inventory:

Hand Weapons
 a - a +0 shortbow (weapon)
Armour
 c - a +0 leather armour
 e - a +0 chain mail (worn)
Scrolls
 b - a scroll of immolation
 d - a scroll of teleportation {unknown}
 f - a scroll of amnesia {unknown}
 i - a scroll of torment {unknown}
Potions
 g - a potion of lignification {unknown}
 h - a potion of haste {unknown}


   Skills:
 + Level 4.0 Fighting
 + Level 4.8 Ranged Weapons
 - Level 2.1 Dodging
 - Level 0.8 Stealth


You had 3 spell levels left.
You didn't know any spells.
Your spell library contained the following spells:

 Spells                   Type           Power      Damage    Failure   Level
 Ignite Poison            Fire/Tmut/Pois 0%         N/A       100%        3
 Sticky Flame             Conj/Fire      0%         2d3       100%        4
 Eringya's Noxious Bog    Tmut/Pois      0%         N/A       100%        6
 Plasma Beam              Fire/Air       0%         2x1d11    100%        6


Dungeon Overview and Level Annotations

Branches:
Dungeon (2/15)

Altars:


Innate Abilities, Weirdness & Mutations

You are amphibious.
You cover ground slowly.
You can hop short distances.
You have an extended range of vision and can be seen from far away.


Message History

The gnoll is moderately wounded.
The gnoll hits you with a +0 whip.
You shoot an arrow. The arrow hits the gnoll!
The gnoll is almost dead.
The gnoll hits you with a +0 whip. The gnoll hits you but does no damage.
You shoot an arrow. The arrow hits the gnoll!
You kill the gnoll!
You are ready to hop once more.
The gnoll hits you with a +0 flail.
Your Fighting skill increases to level 4!
You have reached level 4!
You feel agile.
You don't know any spells.
Hop to where?
Press: ? - help, Dir - move target Boing!
Your legs are too worn out to hop.
You shoot an arrow. The arrow hits the gnoll.
The gnoll is lightly wounded.
The gnoll hits you with a +0 flail! The gnoll hits you with a +0 flail.
You are too injured to fight recklessly!
You are too injured to fight recklessly!
Fire: a) +0 shortbow
Press: ? - help, Q - select action, (/) - cycle Shift-Dir - straight line, f/p - gnoll
Aim: a gnoll, wielding a +0 flail (lightly wounded, 69% to hit)
You shoot an arrow. The arrow hits the gnoll!
The gnoll is heavily wounded.
The gnoll hits you with a +0 flail.
* * * LOW HITPOINT WARNING * * *
The gnoll attacks as you move away! The gnoll hits you with a +0 flail.
* * * LOW HITPOINT WARNING * * *
The gnoll hits you with a +0 flail.
* * * LOW HITPOINT WARNING * * *
Fire: a) +0 shortbow
Press: ? - help, Q - select action, (/) - cycle Shift-Dir - straight line, f/p - gnoll
Aim: a gnoll, wielding a +0 flail (heavily wounded, 69% to hit)
You shoot an arrow. The arrow hits the gnoll.
The gnoll is severely wounded.
The gnoll hits you with a +0 flail!
You die...

#....#.##.....##..
#....#..#.....##..
#....##.#.....##..
###....##.#.....##..
#.....###.########..
#.##### #...........
#.# ############
#.##### #..@g.#
#####.# #.# #######
#)# #.....#
#####.####.....#
#.....).##.....#
#.#####.##.....#
#.##.....#
+.##.....#


You could see a gnoll.

Vanquished Creatures
  2 gnolls (D:2)
  2 adders (D:2)
  A ball python (D:1)
  3 endoplasms
  A goblin (D:1)
  4 hobgoblins (D:1)
  A quokka (D:2)
  2 bats
  2 kobolds
  5 rats
23 creatures vanquished.

Notes
Turn   | Place    | Note
-------+----------+-------------------------------------------
     0 | D:1      | Dadi the Barachi Hunter began the quest for the Orb.
     0 | D:1      | Reached XP level 1. HP: 17/17 MP: 1/1
   200 | D:1      | Reached XP level 2. HP: 23/23 MP: 2/2
   249 | D:1      | Got the Volume of Liberalism
   827 | D:2      | Reached XP level 3. HP: 22/29 MP: 3/3
  1030 | D:2      | Reached XP level 4. HP: 22/37 MP: 4/4
  1035 | D:2      | Slain by a gnoll

Illustrated notes

Levels and vault maps discovered:
D:1:      ncdulo_lavacross, layout_basic, nicolae_eternal_life
D:2:      layout_basic, minmay_misc_feat_room, kennysheep_decorative_pillar,
          grunt_ministairs_8

Skill      XL: |  1  2  3 |
---------------+----------+-----
Fighting       | 3 4 |  4.0
Ranged Weapons | |  4.8
Dodging        | |  2.1
Stealth        | |  0.8

Action                     |  1- 3 |  4- 6 || total
---------------------------+-------+-------++-------
   Fire: Shortbow          |    71 |     3 ||    74
Ability: Hop               |     1 |     1 ||     2
 Armour: Leather armour    |     4 |       ||     4
         Chain mail        |    24 |       ||    24
  Dodge: Dodged            |    31 |       ||    31
